 Dungeon Crawl Stone Soup version 0.31.0-32-g396128a36d (webtiles) character file.

Game seed: 11136776972153075723

676 Pumpkin69 the Trooper (level 7, -10/52 HPs)
             Began as an Octopode Fighter on Mar 17, 2024.
             Was an Initiate of the Shining One.
             Mangled by a juggernaut zombie (15 damage)
             ... on level 1 of the Abyss.
             The game lasted 00:10:34 (4179 turns).

Pumpkin69 the Trooper (Octopode Fighter)            Turns: 4179, Time: 00:10:35

Health: -10/52     AC:  1    Str: 17    XL:     7   Next: 60%
Magic:  7/7        EV: 13    Int: 11    God:    the Shining One [......]
Gold:   82         SH:  4    Dex: 11    Spells: 6/6 levels left

rFire   . . .        a - +0 trident
rCold   . . .        b - +0 buckler
rNeg    + + .        (helmet restricted)
rPois   +            (no amulet)
rElec   .            e - ring of positive energy
rCorr   .            i - ring of positive energy
SInv    .            k - ring of poison resistance
Will    .....        (no ring)
Stlth   ++           (no ring)
HPRegen 0.28/turn    (no ring)
MPRegen 0.10/turn    (no ring)
                     (no ring)

%: no passive effects
@: glowing
A: almost no armour, amphibious, 8 rings, camouflage 1, gelatinous body 1,
(nimble swimmer 1), tentacles
a: Renounce Religion


You were on level 1 of the Abyss.
You worshipped the Shining One.
The Shining One was noncommittal.
You visited 2 branches of the dungeon, and saw 6 of its levels.
You visited the Abyss 1 time.
You also visited: Sewer.

You collected 222 gold pieces.
You spent 140 gold pieces at shops.

Inventory:

Hand Weapons
 a - a +0 trident (weapon)
Armour
 b - a +0 buckler (worn)
Jewellery
 e - a ring of positive energy (left tentacle)
 i - a ring of positive energy (right tentacle)
 k - a ring of poison resistance (on tentacle)
Scrolls
 h - 5 scrolls of blinking
 m - a scroll of fog
 o - a scroll of silence
 q - 5 scrolls of teleportation
 r - 2 scrolls of identify
 t - a scroll of immolation
Potions
 c - 2 potions of might
 d - a potion of experience {unknown}
 f - 3 potions of berserk rage
 g - a potion of curing
 j - 2 potions of attraction {unknown}
 n - a potion of haste {unknown}
 p - 2 potions of heal wounds
 s - 3 potions of enlightenment


   Skills:
 + Level 6.1 Fighting
 + Level 5.0 Short Blades
 - Level 2.1 Polearms
 - Level 3.0 Dodging
 - Level 4.0 Stealth
 - Level 3.0 Shields


You had 6 spell levels left.
You didn't know any spells.
Your spell library contained the following spells:

 Spells                   Type           Power      Damage    Failure   Level
 Apportation              Tloc           0%         N/A       41%         1
 Necrotise                Necr           0%         1d4       41%         1
 Slow                     Hex            0%         N/A       41%         1
 Sting                    Conj/Alch      0%         1d3       41%         1
 Summon Small Mammal      Summ           0%         N/A       41%         1
 Call Imp                 Summ           0%         N/A       56%         2
 Sublimation of Blood     Necr           0%         N/A       56%         2
 Call Canine Familiar     Summ           0%         N/A       80%         3
 Confusing Touch          Hex            0%         N/A       80%         3
 Sigil of Binding         Hex            0%         N/A       80%         3
 Vampiric Draining        Necr           0%         2d6       80%         3
 Dimensional Bullseye     Hex/Tloc       0%         N/A       99%         4
 Summon Hydra             Summ           0%         N/A       100%        7


Dungeon Overview and Level Annotations

Branches:
Dungeon (5/15)             Temple (1/1) D:4           Sewer (visited)

Altars:
Ashenzari
Cheibriados
Dithmenos
Elyvilon
Fedhas
Gozag
Kikubaaqudgha
Okawaru
Qazlal
Ru
Sif Muna
Trog
Uskayaw
Vehumet
Wu Jian
Xom
Yredelemnul
Zin
The Shining One

Shops:
D:2 (   D:3 [

Annotations:
D:2 Sigmund


Innate Abilities, Weirdness & Mutations

You cannot wear most types of armour.
You are amphibious.
You can wear up to eight rings at the same time.
Your skin changes colour to match your surroundings (Stealth+).
Your rubbery body absorbs attacks. (AC +1, EV +1)
((You are camouflaged when in or above water. (Stealth+)))
You have tentacles for arms and can constrict up to eight enemies at once.


Message History

There is a staircase back to the Dungeon here.
Found an iron altar of Okawaru and a radiant altar of Vehumet.
Found a blossoming altar of Fedhas.
Found a glowing golden altar of the Shining One.
There is a glowing silver altar of Zin here.
Found a shimmering altar of Xom.
Found an ancient bone altar of Kikubaaqudgha.
There is a glowing golden altar of the Shining One here.
You curl up in front of the altar of the Shining One.
The Shining One welcomes you!
The Shining One warns you to remove your +0 dagger of distortion.
You are now empty-tentacled.
You drop a +0 dagger of distortion.
You are cast into the Abyss!
To return, you must find a gate leading back.
Killing monsters will force the Abyss to allow you passage.
This branch contains the abyssal rune of Zot.
a - a +0 trident (weapon)
Found a gateway leading deeper into the Abyss.
You are suddenly pulled into a different region of the Abyss!
An ancient zyme comes into view.
An ancient zyme is nearby!
A green death comes into view.
The green death roars!
The green death gestures at you. The poison arrow hits you!!
You are poisoned.
You partially resist.
You feel very sick.
You feel very sick.
You feel better. The green death gestures at you.
The blast of poison engulfs you! You resist. The green death gestures at you.
The poison arrow misses you.
A juggernaut zombie comes into view.
The juggernaut zombie attacks as it pursues you!
The juggernaut zombie hits you!!
* * * LOW HITPOINT WARNING * * *
The juggernaut zombie hits you!
You die...

..# #.# #.# #.#
##.# #..# #..#
#.@# #.Z#
...##..########
.......W.....2..
...........###..
.........###
..........
#...####... .###
..##


You could see a freezing wraith and a juggernaut zombie.

Vanquished Creatures
  2 crocodiles (Sewer)
  2 orc priests
  Terence (D:3)
  An iguana (D:4)
  2 orc wizards (D:4)
  A sickly merfolk siren (Sewer)
  A malarious merfolk avatar (Sewer)
  9 adders
  4 river rats
  5 orcs
  16 ball pythons
  5 bats
  9 endoplasms
  6 giant cockroaches
  5 goblins
  3 hobgoblins
  6 quokkas
  A frilled lizard (Sewer)
  8 kobolds
  21 rats
108 creatures vanquished.

Notes
Turn   | Place    | Note
-------+----------+-------------------------------------------
     0 | D:1      | Pumpkin69 the Octopode Fighter began the quest for the Orb.
     0 | D:1      | Reached XP level 1. HP: 16/16 MP: 1/1
    67 | D:1      | Reached skill level 1 in Stealth
   182 | D:1      | Reached XP level 2. HP: 21/21 MP: 2/2
   477 | D:1      | Found a faded altar of an unknown god.
   827 | D:2      | Reached XP level 3. HP: 26/26 MP: 3/3
   890 | D:2      | Found Vaprutot's Antique Weapon Shoppe.
  1336 | D:2      | Noticed Sigmund
  1410 | D:2      | Reached skill level 1 in Short Blades
  1451 | D:2      | Reached XP level 4. HP: 31/31 MP: 4/4
  1822 | D:3      | Found Loximihye's Antique Armour Shop.
  1935 | D:3      | Reached skill level 4 in Fighting
  1935 | D:3      | Reached XP level 5. HP: 37/37 MP: 5/5
  1998 | D:3      | Noticed Terence
  2010 | D:3      | Killed Terence
  2651 | D:4      | Found a glowing drain.
  2662 | Sewer    | Entered a sewer
  2727 | Sewer    | Noticed a crocodile
  2735 | Sewer    | Killed a crocodile
  2736 | Sewer    | Reached XP level 6. HP: 41/45 MP: 6/6
  2760 | Sewer    | Reached skill level 5 in Fighting
  2980 | Sewer    | Reached XP level 7. HP: 15/50 MP: 7/7
  3122 | Sewer    | Identified the +5 scale mail of the Lily {rCorr Str+3}
  3390 | D:2      | Bought an ancient dagger for 140 gold pieces
  3390 | D:2      | Identified the +4 dagger of Cixka {flame, Str+2} (You
                  | bought it in a shop on level 2 of the Dungeon)
  3441 | D:5      | Entered Level 5 of the Dungeon
  3581 | D:4      | Reached skill level 6 in Fighting
  3729 | D:4      | Reached skill level 5 in Short Blades
  3890 | D:4      | Found a staircase to the Ecumenical Temple.
  4074 | Temple   | Entered the Ecumenical Temple
  4097 | Temple   | Became a worshipper of the Shining One
  4098 | Abyss:1  | Cast into level 1 of the Abyss (unwielding a weapon of
                  | distortion)
  4139 | Abyss:1  | Noticed an ancient zyme
  4157 | Abyss:1  | Noticed a green death
  4175 | Abyss:1  | Noticed a juggernaut zombie
  4176 | Abyss:1  | Noticed a freezing wraith
  4179 | Abyss:1  | Mangled by a juggernaut zombie

Illustrated notes

Levels and vault maps discovered:
D:1:      shiori_arrival_elements, layout_loops_ring,
          hellmonk_ecumenical_altar_inner_sanctum
D:2:      layout_basic, serial_shops, nicolae_shop_window_shopping, uniq_sigmund
D:3:      layout_loops_ring, serial_shops, shop, uniq_terence
D:4:      layout_loops_ring, minmay_temple_entry_butterflies,
          gup_sewer_entry_bubbles, hangedman_decor_points, minivault_5,
          uniq_pikel
D:5:      layout_basic, gammafunk_ghost_nasty_kobolds, nicolae_grassy_gnolls
Temple:   compressed_dpeg_triangle_lava_temple
Abyss:1:  base:
D:4

Skill      XL: |  1  2  3  4  5  6  7 |
---------------+----------------------+-----
Stealth        | 2 4 |  4.0
Short Blades   | 1 2 3 4 5 |  5.0
Fighting       | 4 5 6 |  6.1
Polearms       | |  2.1
Dodging        | |  3.0
Shields        | |  3.0

Action                     |  1- 3 |  4- 6 |  7- 9 || total
---------------------------+-------+-------+-------++-------
  Melee: Trident           |    44 |       |       ||    44
         Tentacles         |     6 |    17 |     7 ||    30
         Constrict         |     8 |    18 |     8 ||    34
         Dagger            |    21 |   120 |    34 ||   175
    Use: Scroll            |     3 |     5 |     2 ||    10
         Potion            |       |     2 |     1 ||     3
   Stab: Sleeping          |    13 |    13 |     3 ||    29
         Distracted        |     2 |       |       ||     2
 Armour: Skin              |    22 |    49 |    28 ||    99
  Dodge: Dodged            |    19 |    69 |     9 ||    97
  Block: Buckler           |    13 |    18 |     1 ||    32
